 Dungeon Crawl Stone Soup version 0.20-a0-433-g9e36e56 (webtiles) character file.

117 Kriby the Skirmisher (level 4, -5/37 HPs)
             Began as a Mummy Fighter on Jan 4, 2017.
             Slain by an orc priest
             ... wielding a +0 flail
              (7 damage)
             ... on level 3 of the Dungeon.
             The game lasted 00:01:37 (2246 turns).

Kriby the Skirmisher (Mummy Fighter)                Turns: 2246, Time: 00:01:37

Health: -5/37      AC:  7    Str: 19    XL:     4   Next: 71%
Magic:  4/4        EV:  7    Int:  7    God:
Gold:   122        SH:  0    Dex: 12    Spells: 2/3 levels left

rFire  x . .     SeeInvis .     a - +0 war axe
rCold  + . .     Gourm    .     b - +0 scale mail
rNeg   + + +     Faith    .     c - +0 shield
rPois  ∞         Spirit   .     (no helmet)
rElec  .         Reflect  .     (no cloak)
rCorr  .         Harm     .     d - +0 pair of gloves
MR     .....                    (no boots)
Stlth  ..........               (no amulet)
                                (no ring)
                                (no ring)

@: confused
A: no food or potions, fire vulnerability, cold resistance 1, negative energy
resistance 3, torment resistance, unbreathing
a: no special abilities


You were on level 3 of the Dungeon.
You were not hungry.

You visited 1 branch of the dungeon, and saw 3 of its levels.

You collected 122 gold pieces.

Inventory:

Hand Weapons
 a - a +0 war axe (weapon)
Armour
 b - a +0 scale mail (worn)
 c - a +0 shield (worn)
 d - a +0 pair of gloves (worn)
Jewellery
 h - a +2 ring of dexterity {unknown}
Scrolls
 e - 3 scrolls of teleportation {unknown}
 f - 2 scrolls of enchant weapon {unknown}
 i - a scroll of amnesia {unknown}
Books
 g - a book of Cantrips

   Spells                             Type                      Level
   a - Confusing Touch                Hexes                        1
   b - Animate Skeleton               Necromancy                   1
   c - Summon Small Mammal            Summoning                    1
   d - Apportation                    Translocation                1


   Skills:
 + Level 3.9 Fighting
 * Level 3.4 Axes
 - Level 2.4 Armour
 - Level 2.4 Shields
 + Level 0.6 Necromancy


You had 2 spell levels left.
You knew the following spells:

 Your Spells              Type           Power        Failure   Level  Hunger
a - Animate Skeleton      Necr           N/A          100%        1    N/A

Dungeon Overview and Level Annotations

Branches:
Dungeon (3/15)

Altars:


Innate Abilities, Weirdness & Mutations

You do not eat or drink.
Your flesh is vulnerable to fire.
You are immune to poison.
Your flesh is cold resistant. (rC+)
You are immune to negative energy. (rN+++)
You are immune to unholy pain and torment.
You can survive without breathing.


Message History

The orc wizard points at you and mumbles some strange words.
The magic dart hits you! The orc closely misses you.
The orc priest casts a cantrip, but nothing happens.
The orc wizard hits you but does no damage.
The orc hits you but does no damage.
You see here 2 tomahawks.
You barely miss the orc wizard.
The orc wizard is severely wounded.
You closely miss the orc priest. You slash the orc!
You kill the orc!
The orc priest hits you with a flail.
* * * LOW HITPOINT WARNING * * *
The orc wizard hits you but does no damage.
The orc priest looks satisfied for a moment.
The orc wizard hits you but does no damage.
You miss the orc priest.
The orc priest is lightly wounded.
You hit the orc wizard but do no damage.
The orc priest hits you with a flail!
You die...

########## #........#
#........# #........#
#........# #........###
. #..o))...... ..
#####...@o...#
.#.#.#............#####.
##.#.#..........(.......
.........#####..........
.........## #(.........
..........####.>........
........................
..........###...........
...............(........


You could see an orc priest and an orc wizard.

Vanquished Creatures
  An orc wizard (D:3)
  A gnoll (D:1)
  2 adders (D:2)
  A dart slug (D:1)
  4 leopard geckos
  An orc (D:3)
  A ball python (D:3)
  4 giant cockroaches
  4 goblins
  8 hobgoblins
  6 kobolds
  2 quokkas
  7 bats
  6 frilled lizards
  8 rats
56 creatures vanquished.

Notes
Turn   | Place    | Note
-------+----------+-------------------------------------------
     0 | D:1      | Kriby the Mummy Fighter began the quest for the Orb.
     0 | D:1      | Reached XP level 1. HP: 18/18 MP: 1/1
   170 | D:1      | Reached XP level 2. HP: 8/24 MP: 2/2
   772 | D:1      | Reached XP level 3. HP: 28/29 MP: 3/3
  1733 | D:2      | Reached XP level 4. HP: 37/37 MP: 4/4
  2092 | D:3      | Learned a level 1 spell: Animate Skeleton
  2246 | D:3      | Slain by an orc priest

Vault maps used:
D:1:      saegor_arrival_miasma, serial_corexii_hall, corexii_hall_statues_x,
          corexii_hall_statues_t, corexii_hall_statues_u, serial_bayou_pond_d
D:3:      first_bread, minmay_statues_item

Skill      XL: |  1  2  3 |
---------------+----------+-----
Axes           | 2 3 |  3.4
Fighting       | |  3.9
Armour         | |  2.4
Shields        | |  2.4
Necromancy     | |  0.6

Action                   |  1- 3 |  4- 6 || total
-------------------------+-------+-------++-------
Melee: War axe           |   134 |    45 ||   179
Armor: Scale mail        |    71 |    33 ||   104
Dodge: Dodged            |    44 |    20 ||    64
Block: Shield            |    57 |    21 ||    78
